 Dungeon Crawl Stone Soup version 0.19-a0-1238-gee6bd96 (webtiles) character file.

70 JustSomeDude the Skirmisher (level 4, -10/36 HPs)
             Began as a Demonspawn Fighter on Aug 26, 2016.
             Mangled by MTVSty1e's ghost (13 damage)
             ... on level 3 of the Dungeon.
             The game lasted 00:02:43 (1793 turns).

JustSomeDude the Skirmisher (Demonspawn Fighter)    Turns: 1793, Time: 00:02:43

Health: -10/36     AC:  7    Str: 17    XL:     4   Next: 3%
Magic:  4/4        EV:  8    Int: 10    God:
Gold:   92         SH:  9    Dex: 12    Spells: 0 memorised, 3 levels left

rFire  . . .     SeeInvis .     a - +0 trident
rCold  . . .     Gourm    .     h - +2 ring mail {rPois}
rNeg   . . .     Faith    .     c - +0 shield
rPois  +         Spirit   .     (helmet restricted)
rElec  .         Dismiss  .     (no cloak)
rCorr  .         Reflect  .     (no gloves)
MR     .....     Harm     .     (no boots)
Stlth  +.........               l - amulet of regeneration
                                (no ring)
                                (no ring)

@: no status effects
A: antennae 1, powered by pain 1
a: no special abilities


You were on level 3 of the Dungeon.
You were not hungry.

You visited 1 branch of the dungeon, and saw 3 of its levels.

You collected 92 gold pieces.

Inventory:

Hand Weapons
 a - a +0 trident (weapon)
Armour
 c - a +0 shield (worn)
 h - a +2 ring mail of poison resistance (worn)
Jewellery
 l - an amulet of regeneration (around neck)
Scrolls
 g - 3 scrolls of identify {unknown}
 j - a scroll of immolation {unknown}
 p - a scroll of noise {unknown}
 q - a scroll of remove curse {unknown}
 r - a scroll of fear {unknown}
Potions
 d - a potion of might
 e - a potion of flight {unknown}
 m - a potion of degeneration {unknown}
 n - a potion of curing {unknown}
 o - a potion of magic {unknown}
Comestibles
 b - 4 fruits
 f - a bread ration
 i - a meat ration
 k - 4 chunks of flesh


   Skills:
 + Level 3.6 Fighting
 + Level 2.2 Polearms
 + Level 3.0 Armour
 + Level 0.8 Dodging
 + Level 3.2 Shields


You had 3 spell levels left.
You didn't know any spells.

Dungeon Overview and Level Annotations

Branches:
Dungeon (3/15)

Altars:
Zin
The Shining One

Annotations:
D:3 MTVSty1e's ghost, amateur DsGl


Innate Abilities, Weirdness & Mutations

You have a pair of small antennae on your head.
You sometimes gain a little power by taking damage.


Message History

MTVSty1e's ghost is heavily damaged.
MTVSty1e's ghost hits you!
You hit MTVSty1e's ghost but do no damage.
MTVSty1e's ghost is heavily damaged.
MTVSty1e's ghost completely misses you.
You hit MTVSty1e's ghost.
MTVSty1e's ghost is heavily damaged.
MTVSty1e's ghost hits you!
You hit MTVSty1e's ghost but do no damage.
MTVSty1e's ghost is heavily damaged.
MTVSty1e's ghost hits you!
* * * LOW HITPOINT WARNING * * *
You block MTVSty1e's ghost's attack.
You are too injured to fight recklessly!
MTVSty1e's ghost hits you!
* * * LOW HITPOINT WARNING * * *
MTVSty1e's ghost hits you but does no damage.
There is a stone staircase leading up here.
MTVSty1e's ghost hits you!
You die...

#..##.#.# ...###....#.#
........##..######
.....#...........#
................#
...............#
.##............#
##...........# ...
#.@W...()...#
..####....).....#
#..#........##....#
....####.### ....>.%
#.#### #.# .......
#....# #.## .......
#....# #..###.......
#..<.####...........
.#####...)..####.......


You could see MTVSty1e's ghost.

Vanquished Creatures
  An adder (D:2)
  3 oozes
  A worm (D:1)
  2 dart slugs (D:2)
  An orc (D:3)
  4 bats (D:1)
  A giant cockroach (D:3)
  5 hobgoblins
  A jackal (D:2)
  3 kobolds
  2 quokkas (D:2)
  3 giant newts
  8 goblins
  2 rats
37 creatures vanquished.

Notes
Turn   | Place    | Note
-------+----------+-------------------------------------------
     0 | D:1      | JustSomeDude the Demonspawn Fighter began the quest for the Orb.
     0 | D:1      | Reached XP level 1. HP: 18/18 MP: 1/1
   269 | D:1      | Gained mutation: You have a pair of small antennae on your head. [demonic ancestry]
   269 | D:1      | Reached XP level 2. HP: 24/24 MP: 2/2
   796 | D:1      | Gained mutation: You sometimes gain a little power by taking damage. [demonic ancestry]
   796 | D:1      | Reached XP level 3. HP: 28/29 MP: 3/3
  1298 | D:2      | Found a glowing silver altar of Zin.
  1497 | D:2      | Found a glowing golden altar of the Shining One.
  1687 | D:3      | Noticed MTVSty1e's ghost (amateur DsGl)
  1761 | D:3      | Reached XP level 4. HP: 36/36 MP: 4/4
  1793 | D:3      | Mangled by MTVSty1e's ghost

Vault maps used:
D:1:      lightli_iron_boxes
D:2:      lemuel_coloured_pillars_altar, old_standard_altar, minmay_domino_2

Skill      XL: |  1  2  3 |
---------------+----------+-----
Shields        | 3 |  3.2
Polearms       | 2 |  2.2
Armour         | 3 |  3.0
Fighting       | |  3.6
Dodging        | |  0.8

Action                   |  1- 3 |  4- 6 || total
-------------------------+-------+-------++-------
Melee: Trident           |   134 |    11 ||   145
  Eat: Chunk             |     3 |       ||     3
Armor: Ring mail         |    40 |     2 ||    42
       Scale mail        |     1 |       ||     1
Dodge: Dodged            |    46 |     3 ||    49
Block: Shield            |    54 |     6 ||    60
